 Dungeon Crawl Stone Soup version 0.29-a0-844-ge8845773e3 (webtiles) character file.

Game seed: 13113036017439138997

19 BlueGoblin the Magician (level 2, -7/22 HPs)
             Began as a Djinni Necromancer on July 15, 2022.
             Mangled by a worm (10 damage)
             ... on level 2 of the Dungeon.
             The game lasted 00:01:53 (1222 turns).

BlueGoblin the Magician (Djinni Necromancer)        Turns: 1222, Time: 00:01:54

Health: -7/22      AC:  2    Str:  7    XL:     2   Next: 95%
Gold:   78         EV: 12    Int: 16    God:
                   SH:  0    Dex: 13

rFire   + + +      SeeInvis .   l - +2 dagger (venom)
rCold   . . .      Faith    .   (no shield)
rNeg    . . .      Spirit   .   a - +0 robe
rPois   ∞          Reflect  .   (no helmet)
rElec   +          Harm     .   (no cloak)
rCorr   +          Rampage  .   (no gloves)
Will    .....                   (boots unavailable)
Stlth   ++........              (no amulet)
HPRegen 0.07/turn               (no ring)
MPRegen 0.00/turn               (no ring)

@: resistant, flying
A: sickness immunity, fire resistance 2, cold vulnerability 1, float, innate
caster, HP casting, extra vitality 1
a: no special abilities


You were on level 2 of the Dungeon.
You visited 1 branch of the dungeon, and saw 2 of its levels.

You collected 78 gold pieces.

Inventory:

Hand Weapons
 i - a +0 dagger
 l - a +2 dagger of venom (weapon)
Armour
 a - a +0 robe (worn)
Jewellery
 k - a ring of see invisible
Scrolls
 d - 2 scrolls of identify {unknown}
 e - a scroll of fog {unknown}
 f - 3 scrolls of poison {unknown}
 g - 3 scrolls of teleportation {unknown}
 h - a scroll of silence {unknown}
Potions
 b - a potion of magic
 c - a potion of resistance
 j - a potion of invisibility {unknown}
 m - a potion of flight {unknown}


   Skills:
 * Level 1.1 Fighting
 + Level 2.2 Dodging
 - Level 1.5 Stealth
 + Level 3.6 Spellcasting


You couldn't memorise any spells.
You knew the following spells:

 Your Spells              Type           Power      Damage    Failure   Level
a - Necrotise             Necr           56%        1d6       3%          1
b - Vampiric Draining     Necr           14%        2d7       12%         3
c - Animate Dead          Necr           14%        N/A       36%         4
d - Agony                 Necr           14%        N/A       71%         5
Your spell library was empty.

Dungeon Overview and Level Annotations

Branches:
Dungeon (2/15)

Altars:


Innate Abilities, Weirdness & Mutations

You are immune to sickness and miasma.
You are immune to poison.
Your flesh is very heat resistant. (rF++)
You are vulnerable to cold. (rC-)
You float through the air rather than walking.
You learn spells naturally, not from books.
Your magical power is your life essence.
You have superior vitality. (+4 MHP)


Message History

You swap places.
Found a stone staircase leading down.
Your ball python skeleton crumbles into dust!
A bat comes into view.
Found 5 stones.
A bat is nearby!
A bat is nearby!
The bat writhes in agony.
The bat closely misses you.
The bat barely resists.
The bat barely misses you. The bat misses you.
The bat writhes in agony.
The bat completely misses you. The bat misses you.
You miscast Necrotise.
You are very lightly contaminated with residual magic.
Nothing appears to happen.
The bat misses you.
A bat is nearby!
The bat barely resists.
The bat hits you but does no damage.
The bat writhes in agony.
You kill the bat!
Your magical contamination has completely faded away.
Your bat skeleton crumbles into dust!
A worm comes into view.
A worm is nearby!
A worm is nearby!
A worm is nearby!
Found a scroll labelled OGYNLA ROYXTOJU.
Found a fuming dark potion.
Found a stone staircase leading down.
The worm writhes in agony.
The worm bites you.
The worm writhes in agony.
The worm writhes in agony.
The worm barely misses you.
The worm barely resists.
The worm barely resists.
The worm misses you.
The worm writhes in agony.
The worm bites you!
* * * LOW HITPOINT WARNING * * *
You are too injured to fight recklessly!
You are too injured to fight recklessly!
It was a potion of magic.
Magic washes over you without effect.
It was a potion of resistance.
You feel protected. The worm bites you!
You die...

#..##.#####...# ...#..#
..............##...#..##
.....................!..
#..##.#.###.............
#.......# ##..#.........
#..##.#.# ##........?..
...##.#.###........#.###
......................>.
#.#.#.#.###..##.@..#...
.............##..w.#
#.#..##.###.###....#
...(.##..... .......
..#......... ##.#.####
..#..##.###.# #.#.#
.......... # ###.#
....###.### .. ........#


You could see a worm.

Vanquished Creatures
  A dart slug (D:1)
  3 bats
  2 giant cockroaches
  2 goblins
  A hobgoblin (D:1)
  2 ball pythons
  2 frilled lizards (D:1)
  A kobold (D:2)
  A rat (D:2)
15 creatures vanquished.

Vanquished Creatures (collateral kills)
  An endoplasm (D:2)
1 creature vanquished.

Grand Total: 16 creatures vanquished

Notes
Turn   | Place    | Note
-------+----------+-------------------------------------------
     0 | D:1      | BlueGoblin the Djinni Necromancer began the quest for the
                  | Orb.
     0 | D:1      | BlueGoblin set off with the following spells memorised:
                  | Necrotise, Vampiric Draining, Animate Dead, Agony.
     0 | D:1      | Reached XP level 1. HP: 15/15 MP: 0/0
     1 | D:1      | Noticed an electric eel
   366 | D:1      | Reached XP level 2. HP: 17/21 MP: 0/0
  1076 | D:2      | Reached skill level 1 in Fighting
  1222 | D:2      | Mangled by a worm

Illustrated notes

Levels and vault maps discovered:
D:1:      arrival_aquarium_a, layout_basic
D:2:      layout_basic, hellmonk_ecumenical_altar_prayer_group, moated_statue

Skill      XL: |  1  2 |
---------------+-------+-----
Fighting       | 1 |  1.1
Dodging        | |  2.2
Stealth        | |  1.5
Spellcasting   | |  3.6

Action                   || total
-------------------------++-------
Melee: Dagger            ||     5
 Cast: Necrotise         ||    31
  Use: Potion            ||     2
 Stab: Sleeping          ||     1
Armor: Robe              ||     3
Dodge: Dodged            ||     9

Table legend: (Time is in decaauts)
 A = Elapsed time spent in this place.
 B = Non-inter-level travel time spent in this place.
 C = Inter-level travel time spent in this place.
 D = Time resting spent in this place.
 E = Time spent auto-exploring this place.
 F = Levels seen in this place.
 G = Mean time per level.
                   A        B        C        D        E       F      G
               +--------+--------+--------+--------+--------+-----+--------+
         Total |   1220 |   1154 |     66 |      0 |   1037 |   2 |  610.0 |
       Dungeon |   1220 |   1154 |     66 |      0 |   1037 |   2 |  610.0 |
               +--------+--------+--------+--------+--------+-----+--------+

Top non-repeatable levels by time:
     D:1: 895 daAuts
     D:2: 325 daAuts
